 Dungeon Crawl Stone Soup version 0.24-a0-235-g3f03afc (webtiles) character file.

Game seed: 6905098250829284822

2 MatthieuS the Grave Robber (level 1, -1/13 HPs)
             Began as a Demonspawn Necromancer on Apr 5, 2019.
             Slain by an ooze (2 damage)
             ... on level 1 of the Dungeon.
             The game lasted 00:00:45 (90 turns).

MatthieuS the Grave Robber (Demonspawn Necromancer)   Turns: 90, Time: 00:00:45

Health: -1/13      AC:  2    Str:  8    XL:     1   Next: 25%
Magic:  3/3        EV: 12    Int: 16    God:
Gold:   0          SH:  0    Dex: 13    Spells: 3/4 levels left

rFire    . . .     SeeInvis .   (no weapon)
rCold    . . .     Gourm    .   (no shield)
rNeg     . . .     Faith    .   a - +0 robe
rPois    .         Spirit   .   (no helmet)
rElec    .         Reflect  .   (no cloak)
rCorr    .         Harm     .   (no gloves)
MR       .....                  (no boots)
Stlth    ++........             (no amulet)
HPRegen  0.04/turn              (no ring)
MPRegen  0.08/turn              (no ring)

@: no status effects
A: no striking features
a: no special abilities


You were on level 1 of the Dungeon.
You were not hungry.

You visited 1 branch of the dungeon, and saw 1 of its levels.

Inventory:

Armour
 a - a +0 robe (worn)
Scrolls
 b - a scroll of identify {unknown}
Comestibles
 e - a ration


   Skills:
 - Level 1.7 Dodging
 - Level 1.7 Stealth
 + Level 2.0 Spellcasting
 + Level 4.4 Necromancy


You had 3 spell levels left.
You knew the following spells:

 Your Spells              Type           Power        Failure   Level  Hunger
a - Pain                  Necr           ###.         3%          1    #......

Your spell library contained the following spells:

 Spells                   Type           Power        Failure   Level  Hunger
 Animate Skeleton         Necr           N/A          3%          1    #......
 Vampiric Draining        Necr           ###.......   10%         3    ###....
 Regeneration             Chrm/Necr      #.........   26%         3    ###....
 Animate Dead             Necr           N/A          32%         4    #####..


Dungeon Overview and Level Annotations

Branches:
Dungeon (1/15)

Altars:


Message History

Unknown command.
The frilled lizard barely misses you.
Found a scroll labeled GUUZUHE JESKA.
The ooze barely misses you.
A rat comes into view.
Found an escape hatch in the floor.
Aim: an ooze (chance to defeat MR: 73%)
The ooze struggles to resist.
The frilled lizard barely misses you. The ooze hits you but does no damage.
The frilled lizard unfolds its giant frill.
The frilled lizard barely misses you. The frilled lizard closely misses you.
A rat comes into view.
The rat barely misses you. The rat closely misses you.
Found a stone staircase leading down.
A goblin comes into view.
The goblin shouts!
You hear a shout!
The goblin drinks a potion.
The goblin suddenly seems more agile.
A frilled lizard comes into view.
Found a scroll labeled BUHUCK NIYCKO.
You hit the rat but do no damage. The rat bites you.
* * * LOW HITPOINT WARNING * * *
You barely miss the rat. The rat barely misses you.
You closely miss the rat. The rat barely misses you.
You closely miss the rat. The rat bites you.
* * * LOW HITPOINT WARNING * * *
You barely miss the rat. The rat bites you.
* * * LOW HITPOINT WARNING * * *
Found a leather armour and a ration.
Found a scroll labeled KEARRA LIRUVE.
A goblin comes into view.
Found a ration.
Found a stone staircase leading down.
The goblin shouts!
You hear an angry hiss.
You hear a shout!
A kobold comes into view. It is wielding a +0 dagger.
Found a glowing leather armour.
A rat and a goblin come into view.
The goblin picks up a mace.
The goblin wields a mace.
A kobold comes into view. It is wielding a +0 dagger.
The kobold throws a stone.
The stone hits you but does no damage.
Things that are here:
a stone; a scroll labeled KEARRA LIRUVE The goblin shouts!
The kobold throws a stone.
The stone hits you.
* * * LOW HITPOINT WARNING * * *
You see here a stone.
A bat comes into view.
The kobold hits you but does no damage. The rat misses you. The ooze hits you.
You die...

....# ...# ###^.
...# .......b.#
...#.#...# #....##.#
#.#....##.#
#.#.....#@####.#
#.#[%..rJKr....# .
#.#......rg.##...
...##.....((g...[..#
.............K.....#
.####..g............
#..#............#
###.#.%.......#..# #
#...#.........#..#


You could see an ooze, 3 goblins, a bat (sleeping), 2 kobolds and 3 rats.

Vanquished Creatures
  A hobgoblin (D:1)
  A rat (D:1)
2 creatures vanquished.

Notes
Turn   | Place    | Note
-------+----------+-------------------------------------------
     0 | D:1      | MatthieuS the Demonspawn Necromancer began the quest for
                  | the Orb.
     0 | D:1      | Reached XP level 1. HP: 13/13 MP: 3/3
    90 | D:1      | Slain by an ooze

Levels and vault maps discovered:
D:1:      onia_arrival_handbag, layout_rooms, minmay_misc_feat_columns

Action                   || total
-------------------------++-------
Melee: Unarmed           ||     6
 Cast: Pain              ||     6
Armor: Robe              ||     3
Dodge: Dodged            ||    10

Table legend:
 A = Non-vault XP
 B = Vault XP
 C = Vault XP percentage of total XP
 D = Non-vault monster count
 E = Vault monster count
 F = Vault count percentage of total count
                 A         B        C        D         E       F
            +---------+---------+-------+---------+---------+-------
      Total |       2 |       1 |  33.3 |       1 |       1 |  50.0
            +---------+---------+-------+---------+---------+-------
        D:1 |       2 |       1 |  33.3 |       1 |       1 |  50.0
            +---------+---------+-------+---------+---------+-------
